 Dungeon Crawl Stone Soup version 0.30-b1-2-g02819fbbbe (webtiles) character file.

Game seed: 8163121083286330295

50 Flugkiller the Shield-Bearer (level 3, 0/33 HPs)
             Began as a Minotaur Fighter on May 8, 2023.
             Slain by Grinder (7 damage)
             ... on level 3 of the Dungeon.
             The game lasted 00:00:37 (980 turns).

Flugkiller the Shield-Bearer (Minotaur Fighter)      Turns: 980, Time: 00:00:38

Health: 0/33       AC:  7    Str: 19 (22) XL:     3   Next: 55%
Magic:  2/2        EV:  9    Int:  2 (5)  God:
Gold:   83         SH:  0    Dex:  7 (9)  Spells: 2/2 levels left

rFire   . . .        a - +0 war axe
rCold   . . .        k - orb {light}
rNeg    . . .        b - +0 scale mail
rPois   .            (helmet restricted)
rElec   .            (no cloak)
rCorr   .            (no gloves)
SInv    .            (no boots)
Will    +....        (no amulet) Stlth
                     m - ring of willpower
HPRegen 0.25/turn    (no ring)
MPRegen 0.08/turn

%: no passive effects
@: flying, glowing
A: horns 2, retaliatory headbutt
a: no special abilities


You were on level 3 of the Dungeon.
You visited 1 branch of the dungeon, and saw 3 of its levels.

You collected 83 gold pieces.

Inventory:

Hand Weapons
 a - a +0 war axe (weapon)
Armour
 b - a +0 scale mail (worn)
 c - a +0 buckler
 k - an orb of light (worn)
   (You found it on level 2 of the Dungeon)
Jewellery
 m - a ring of willpower (left hand)
   (You found it on level 2 of the Dungeon)
Scrolls
 f - a scroll of vulnerability {unknown}
 i - 2 scrolls of identify {unknown}
 l - a scroll of enchant armour {unknown}
 n - 2 scrolls of fog {unknown}
 o - a scroll of noise {unknown}
Potions
 d - a potion of might
 g - a potion of lignification {unknown}
 j - a potion of degeneration
 p - a potion of berserk rage {unknown}


   Skills:
 + Level 4.0 Fighting
 * Level 3.6 Axes
 + Level 4.0 Armour
 + Level 4.1 Shields


You had 2 spell levels left.
You didn't know any spells.
Your spell library was empty.

Dungeon Overview and Level Annotations

Branches:
Dungeon (3/15)

Altars:

Annotations:
D:3 Grinder


Innate Abilities, Weirdness & Mutations

You have a pair of horns on your head.
You reflexively headbutt those who attack you in melee.


Message History

You climb downwards.
Found 8 stones and an orange potion.
There is a stone staircase leading up here.
A goblin is nearby!
Unknown command.
A goblin is nearby!
A goblin is nearby!
Found 4 stones.
Found a stone staircase leading down.
The goblin hits you with a +0 club.
You see here 8 stones.
You closely miss the goblin. The goblin hits you but does no damage.
You slash the goblin!
You kill the goblin!
No target in view!
No target in view!
No target in view!
No target in view!
No target in view!
HP restored.
An endoplasm comes into view.
The endoplasm quivers.
Things that are here:
a +0 club; an orange potion An endoplasm is nearby!
Found a dagger.
An endoplasm is nearby!
You completely miss the endoplasm.
The endoplasm hits you but does no damage. x2
You hit the endoplasm.
The endoplasm is almost dead.
The endoplasm hits you.
You slash the endoplasm!
You kill the endoplasm!
No target in view!
No target in view!
No target in view!
p - an orange potion You see here a +0 club.
Grinder comes into view.
Grinder shouts!
You hear a shout!
Grinder is nearby!
Grinder gestures at you.
You suddenly lose the ability to move!
You can move again.
You see here 8 stones.
It was a potion of curing.
You feel better.
It was a potion of degeneration.
There was something very wrong with that liquid.
You feel weakened.
You feel dopey.
You feel clumsy. Grinder gestures at you.
You easily resist.
Unknown command.
It was a potion of flight.
You feel very buoyant.
You fly up into the air.
Unknown command.
You hit Grinder.
Grinder is lightly wounded.
Grinder blinks! x2
You see here a +0 club.
Grinder gestures at you. You resist with significant effort.
Grinder says, "Make like a tree!"
An endoplasm comes into view.
The endoplasm quivers.
You closely miss Grinder.
Grinder is lightly wounded.
Grinder hits you.
You hit Grinder.
Grinder is lightly wounded.
Grinder hits you.
You barely miss Grinder.
Grinder is lightly wounded.
Grinder hits you but does no damage. Grinder hits you.
You writhe in agony.
You closely miss Grinder.
Grinder is lightly wounded.
You hit the endoplasm. Grinder barely misses you.
The endoplasm closely misses you.
You completely miss Grinder.
Grinder is lightly wounded.
You slash the endoplasm!
You kill the endoplasm!
Grinder gestures at you. You resist with significant effort.
You barely miss Grinder.
Grinder is lightly wounded.
Grinder closely misses you. Grinder gestures at you.
Pain shoots through your body!
You hit Grinder but do no damage.
Grinder is lightly wounded.
Grinder closely misses you.
You barely miss Grinder.
Grinder is lightly wounded.
Grinder hits you.
You writhe in agony.
* * * LOW HITPOINT WARNING * * *
You barely miss Grinder. You headbutt Grinder, but do no damage.
Grinder is lightly wounded.
Grinder barely misses you. Grinder hits you!
You die...

#........ #..........
#..>.......
#........). #
#......... . #(
#.#.#... ...
#..######.#.#.##...#
................... #.
##....)..@5.#..#
##..####..(...........
.........##...........
.......<....#.##.#....
##..####.##.#.# .#.##.
#. #.##...# .# #
#.##..... . #........
. #.##.####


You could see Grinder.

Vanquished Creatures
  2 adders (D:2)
  5 ball pythons
  5 endoplasms
  3 goblins
  2 hobgoblins
  2 jackals (D:1)
  A kobold (D:2)
  A quokka (D:2)
  4 bats
  3 frilled lizards
  2 rats
30 creatures vanquished.

Notes
Turn   | Place    | Note
-------+----------+-------------------------------------------
     0 | D:1      | Flugkiller the Minotaur Fighter began the quest for the
                  | Orb.
     0 | D:1      | Reached XP level 1. HP: 19/19 MP: 0/0
   137 | D:1      | Found Hokol's Antique Weapon Boutique.
   175 | D:1      | Reached XP level 2. HP: 27/27 MP: 1/1
   684 | D:2      | Reached XP level 3. HP: 33/33 MP: 2/2
   956 | D:3      | Noticed Grinder
   957 | D:3      | Paralysed by Grinder for 3 turns
   980 | D:3      | Slain by Grinder

Illustrated notes

Levels and vault maps discovered:
D:1:      wander_arrival_lonely_grave, layout_rooms, serial_shops, shop
D:2:      layout_rooms, hangedman_abyss_or_decor_lesser_grid
D:3:      layout_basic, mainiacjoe_overflow_catwalk,
          chequers_ecumenical_altar_island, serial_glass, glass_columns_a,
          glass_columns_a, minmay_strange_pillars, minmay_strange_pillars,
          minmay_strange_pillars, chequers_serial_rivers_large_a, uniq_grinder

Skill      XL: |  1  2 |
---------------+-------+-----
Axes           | 3 |  3.6
Fighting       | 4 |  4.0
Armour         | 4 |  4.0
Shields        | 4 |  4.1

Action                     || total
---------------------------++-------
  Melee: War axe           ||    57
         Headbutt          ||     9
    Use: Potion            ||     3
 Armour: Scale mail        ||    18
  Dodge: Dodged            ||    30
  Block: Buckler           ||     3
